 Dungeon Crawl Stone Soup version 0.28.0-45-g0d030f2227 (webtiles) character file.

Game seed: 6102796191027011076

1997 MisterFreud the Transmogrifier (level 9, 0/71 HPs)
             Began as a Green Draconian Transmuter on Apr 24, 2022.
             Was an Initiate of Ru.
             Killed from afar by an orc (6 damage)
             ... with a puff of flame
             ... on level 6 of the Dungeon.
             The game lasted 00:10:55 (6984 turns).

MisterFreud the Transmogrifier (DrTm)               Turns: 6984, Time: 00:10:56

Health: 0/71       AC:  0    Str: 13    XL:     9   Next: 2%
Magic:  4/12       EV: 13    Int: 15    God:    Ru [......]
Gold:   238        SH:  5    Dex: 14    Spells: 2/12 levels left

rFire   . . .      SeeInvis .     - Unarmed
rCold   . . .      Faith    .   (no shield)
rNeg    . . .      Spirit   .   (armour unavailable)
rPois   +          Reflect  +   (helmet restricted)
rElec   .          Harm     .   j - +0 cloak
rCorr   .          Rampage  .   (no gloves)
Will    .....                   (no boots)
Stlth   +.........              w - amulet of reflection
HPRegen 0.21/turn               (no ring)
MPRegen 0.13/turn               (no ring)

@: corroded
A: breathe noxious fumes, AC +7, unfitting armour, poison resistance,
cold-blooded
a: Breathe Noxious Fumes, Renounce Religion


You were on level 6 of the Dungeon.
You worshipped Ru.
Ru was noncommittal.
You visited 2 branches of the dungeon, and saw 7 of its levels.
You also visited: Ossuary.

You collected 238 gold pieces.

Inventory:

Missiles
 c - 6 poisoned darts
 n - 2 silver boomerangs
Armour
 j - a +0 cloak (worn)
Jewellery
 q - a ring of fire
 w - an amulet of reflection (around neck)
Wands
 r - a wand of flame (32)
Scrolls
 a - a scroll of noise {unknown}
 d - a scroll of enchant weapon
 g - 3 scrolls of fear
 h - a scroll of teleportation {unknown}
 o - 3 scrolls of magic mapping
 s - a scroll of identify
 x - a scroll of amnesia {unknown}
Potions
 b - 3 potions of degeneration
 e - 3 potions of flight
 f - a potion of brilliance {unknown}
 i - a potion of resistance {unknown}
 k - 2 potions of attraction
 l - a potion of ambrosia
 m - a potion of curing {unknown}
 p - 2 potions of berserk rage {unknown}
 t - a potion of heal wounds {unknown}
 u - 2 potions of might
 v - a potion of invisibility {unknown}


   Skills:
 - Level 4.0 Fighting
 + Level 4.4 Dodging
 - Level 6.0 Unarmed Combat
 - Level 2.0 Spellcasting
 - Level 8.0 Transmutations
 - Level 4.0 Ice Magic


You had 2 spell levels left.
You knew the following spells:

 Your Spells              Type           Power      Damage    Failure   Level
a - Beastly Appendage     Tmut           50%        N/A       1%          1
b - Wereblood             Tmut           25%        N/A       1%          2
c - Spider Form           Tmut/Pois      13%        N/A       13%         3
d - Ice Form              Ice/Tmut       19%        N/A       19%         4

Your spell library contained the following spells:

 Spells                   Type           Power      Damage    Failure   Level
 Shock                    Conj/Air       4%         1d3       22%         1
 Blade Hands              Tmut           12%        N/A       22%         5
 Swiftness                Air            1%         N/A       54%         3
 Airstrike                Air            0%         N/A       91%         4
 Leda's Liquefaction      Hex/Erth       0%         N/A       91%         4
 Lee's Rapid Deconstruct  Erth           0%         3d5*      99%         5
 Iron Shot                Conj/Erth      0%         9d1       100%        6
 Statue Form              Tmut/Erth      8%         N/A       100%        6
 Animate Armour           Summ/Erth      Unusable   N/A       N/A         4

Dungeon Overview and Level Annotations

Branches:
Dungeon (6/15)             Temple (1/1) D:5         Ossuary (visited)

Altars:
Ashenzari
Cheibriados
Dithmenos
Elyvilon
Nemelex Xobeh
Okawaru
Ru
Sif Muna
Trog
Vehumet
Wu Jian
Yredelemnul
Zin
The Shining One

Shops:
D:3 =

Annotations:
D:4 3 runed translucent doors, benappo's ghost, amateur DsGl


Innate Abilities, Weirdness & Mutations

You can breathe blasts of noxious fumes.
Your lurid green scales are hard. (AC +7)
You cannot fit into any form of body armour.
Your system is resistant to poisons. (rPois)
You are cold-blooded and may be slowed by cold attacks.


Message History

Casting: Ice Form (dangerous; 19% risk of failure)
Confirm with . or Enter, or press ? or * to list all spells.
You turn into a creature of crystalline ice.
Your +0 cloak melds into your body.
The jelly hits you. The acid corrodes you!
You are splashed with acid!
You pummel the jelly!! You freeze the jelly.
You kill the jelly!
You have reached level 9!
Your experience leads to an increase in your attributes!
Increase (S)trength, (I)ntelligence, or (D)exterity?
You feel agile. x2; Your scales feel tougher.
You hit the orc priest but do no damage.
The orc priest is almost dead.
The orc priest hits you with a +0 club.
You punch the orc priest! You freeze the orc priest.
You kill the orc priest!
An orc comes into view.
It is wielding a +0 club and carrying a wand of flame (21).
x - a scroll labelled YZURCH JUITAF You see here a +0 club.
You are too injured to fight recklessly!
The orc shouts!
You hear a shout! x2
The orc zaps a wand.
The puff of flame hits you! The fire burns you terribly!
* * * LOW HITPOINT WARNING * * *
You are too injured to fight recklessly!
Your magical contamination has completely faded away.
You see here a +0 club.
You warm up again.
Your +0 cloak unmelds from your body.
You can't do that yet.
Unknown command.
An orc comes into view. It is wielding a +0 flail.
The orc shouts!
You hear a shout!
An orc comes into view. It is wielding a +0 hand axe.
You have got your breath back.
The orc zaps a wand.
The puff of flame hits you!
* * * LOW HITPOINT WARNING * * *
You see here a +0 club.
An orc comes into view. It is wielding a +0 club.
The orc zaps a wand.
The puff of flame hits you.
You die...

..........................
....#...............o...>.#
....#.....................#
..<................o......
#................)..o...#
##..............)......####
...........................
.............#......o...#
.......#...###..@##..#..#
#......#.........).#.# ##
###..............######
#..............###..##
##.#...........#.....##
##...................#
###..........#......#
#..........##.######
###......######


You could see 4 orcs.

Vanquished Creatures
  Eustachio (D:5)
  A black bear (D:6)
  A necrophage (D:4)
  An ogre (D:5)
  A centaur (D:5)
  10 scorpions
  3 jellies
  A hound (D:5)
  2 human zombies (Ossuary)
  4 orc priests
  Crazy Yiuf (D:2)
  An iguana (D:4)
  A bullfrog skeleton (D:4)
  2 centaur skeletons
  Ijyb (D:4)
  Natasha (thrice) (D:2)
  Terence (D:2)
  4 scorpion zombies (Ossuary)
  2 orc wizards (D:5)
  3 mummies (Ossuary)
  9 adders
  An ufetubus (D:4)
  2 adder skeletons
  A worm (D:2)
  3 dart slugs
  21 orcs
  6 ball pythons
  2 bats
  4 endoplasms
  A gnoll zombie (Ossuary)
  2 goblins
  7 hobgoblins
  3 jackals (D:1)
  7 kobolds
  3 quokkas
  A frilled lizard (D:1)
  2 goblin zombies (Ossuary)
  2 hobgoblin zombies (Ossuary)
  3 kobold zombies (Ossuary)
  2 orc zombies (Ossuary)
  2 rats
128 creatures vanquished.

Vanquished Creatures (others)
  2 plants (D:2)
2 creatures vanquished.

Grand Total: 130 creatures vanquished

Notes
Turn   | Place    | Note
-------+----------+-------------------------------------------
     0 | D:1      | MisterFreud the Draconian Transmuter began the quest for
                  | the Orb.
     0 | D:1      | Reached XP level 1. HP: 16/16 MP: 3/3
   426 | D:1      | Reached XP level 2. HP: 20/23 MP: 3/5
   614 | D:1      | Found a faded altar of an unknown god.
   893 | D:2      | Noticed Terence
   988 | D:1      | Reached skill level 3 in Transmutations
  1083 | D:2      | Reached XP level 3. HP: 22/28 MP: 4/6
  1107 | D:2      | Learned a level 2 spell: Wereblood
  1111 | D:2      | Learned a level 3 spell: Spider Form
  1327 | D:2      | Noticed Natasha
  1328 | D:2      | Killed Terence
  1329 | D:2      | Reached skill level 4 in Transmutations
  1329 | D:2      | Reached XP level 4. HP: 27/35 MP: 3/7
  1416 | D:2      | Killed Natasha
  1604 | D:2      | Noticed Natasha
  1616 | D:2      | Killed Natasha
  1621 | D:2      | Noticed Natasha
  1926 | D:2      | Killed Natasha
  1927 | D:2      | Reached skill level 5 in Transmutations
  1927 | D:2      | Reached XP level 5. HP: 28/41 MP: 5/8
  2331 | D:2      | Found a runed translucent door.
  2332 | D:2      | Noticed Crazy Yiuf
  2342 | D:2      | Killed Crazy Yiuf
  3251 | D:3      | Found Rieshiq's Jewellery Shop.
  3284 | D:3      | Reached XP level 6. HP: 31/51 MP: 6/9
  3740 | D:4      | Found a runed translucent gate.
  3740 | D:4      | Found a runed translucent gate.
  3740 | D:4      | Found a runed translucent gate.
  3744 | D:4      | Noticed benappo's ghost (amateur DsGl)
  4115 | D:4      | Reached skill level 5 in Unarmed Combat
  4226 | D:4      | Your scales start taking on a lurid green colour.
  4226 | D:4      | Reached XP level 7. HP: 59/59 MP: 6/10
  4226 | D:4      | Gained mutation: Your system is resistant to poisons.
                  | (rPois) [Green Draconian growth]
  4500 | D:4      | Noticed Ijyb
  4506 | D:4      | Identified the +7 rapier "Jegyosur" {vorpal, rF+ Dex+3}
  4535 | D:4      | Killed Ijyb
  5012 | D:5      | Entered Level 5 of the Dungeon
  5028 | D:5      | Found a sand-covered staircase.
  5028 | D:5      | Noticed Eustachio
  5046 | Ossuary  | Entered an ossuary
  5194 | Ossuary  | Learned a level 4 spell: Ice Form
  5228 | Ossuary  | Reached skill level 1 in Ice Magic
  5822 | Ossuary  | Reached XP level 8. HP: 55/66 MP: 11/11
  5904 | Ossuary  | Reached skill level 6 in Transmutations
  5992 | Ossuary  | Reached skill level 7 in Transmutations
  6089 | D:5      | Killed Eustachio
  6227 | D:5      | Reached skill level 8 in Transmutations
  6408 | D:5      | Found a staircase to the Ecumenical Temple.
  6431 | Temple   | Entered the Ecumenical Temple
  6473 | Temple   | Became a worshipper of Ru the Awakened
  6975 | D:6      | Reached XP level 9. HP: 35/71 MP: 3/12
  6984 | D:6      | Killed from afar by an orc

Illustrated notes

Levels and vault maps discovered:
D:1:      wander_arrival_desolate, layout_basic,
          hellmonk_ecumenical_altar_leap_of_faith
D:2:      layout_basic, minmay_shallow_snake_nest, uniq_natasha,
          uniq_crazy_yiuf_cottage, uniq_terence
D:3:      layout_basic, serial_shops, shop
D:4:      layout_basic, gammafunk_ghost_split, kennysheep_cluttered_room,
          chequers_hall_statues_y, uniq_ijyb
D:5:      layout_basic, minmay_temple_entry_slanted,
          chequers_ossuary_entry_cave, uniq_eustachio
D:6:      layout_cave_pools, minivault_19
Temple:   nicolae_temple_the_god_donut

Skill      XL: |  1  2  3  4  5  6  7  8 |
---------------+-------------------------+-----
Transmutations | 3 4 5 8 |  8.0
Fighting       | 3 4 |  4.0
Unarmed Combat | 5 6 |  6.0
Ice Magic      | 3 4 |  4.0
Dodging        | 4 |  4.4
Spellcasting   | |  2.0

Action                   |  1- 3 |  4- 6 |  7- 9 || total
-------------------------+-------+-------+-------++-------
Melee: Unarmed           |    71 |   161 |   326 ||   558
       Headbutt          |     8 |    17 |       ||    25
       Tailslap          |    13 |     3 |    55 ||    71
       Kick              |     6 |    17 |       ||    23
       Punch             |       |     3 |    12 ||    15
 Cast: Beastly Appendage |    11 |    21 |       ||    32
       Spider Form       |     1 |    10 |     4 ||    15
       Ice Form          |       |       |     2 ||     2
 Abil: Breathe Noxious F |       |       |    12 ||    12
       End Transformatio |       |       |     1 ||     1
  Use: Scroll            |       |       |    10 ||    10
       Potion            |       |       |     1 ||     1
 Stab: Confused          |       |       |    14 ||    14
Armor: Skin              |    19 |    43 |    73 ||   135
Dodge: Dodged            |    54 |    95 |   130 ||   279
Block: Other             |       |       |    17 ||    17
